 Dungeon Crawl Stone Soup version 0.29.1-2-gbd0b4ee654 (webtiles) character file.

Game seed: 2637298163174851433

48 Haldmier the Charlatan (level 3, -1/27 HPs)
             Began as a Demigod Artificer on Nov 30, 2022.
             Slain by a gnoll
             ... wielding a +0 halberd
              (8 damage)
             ... on level 2 of the Dungeon.
             The game lasted 00:05:27 (1261 turns).

Haldmier the Charlatan (Demigod Artificer)          Turns: 1261, Time: 00:05:28

Health: -1/27      AC:  6    Str: 17    XL:     3   Next: 30%
Magic:  5/5        EV: 10    Int: 13    God:
Gold:   40         SH:  4    Dex: 14    Spells: 2/2 levels left

rFire   . . .      SeeInvis .   k - +0 whip
rCold   . . .      Faith    .   l - +0 buckler
rNeg    . . .      Spirit   .   h - +0 ring mail
rPois   .          Reflect  .   (no helmet)
rElec   .          Harm     .   (no cloak)
rCorr   .          Rampage  .   m - +0 pair of gloves
Will    .....                   (no boots)
Stlth   +.........              (no amulet)
HPRegen 0.09/turn               (no ring)
MPRegen 0.09/turn               (no ring)

@: no status effects
A: high MP 1, forlorn, divine attributes
a: no special abilities


You were on level 2 of the Dungeon.
You visited 1 branch of the dungeon, and saw 2 of its levels.

You collected 40 gold pieces.

Inventory:

Hand Weapons
 k - a +0 whip (weapon)
Missiles
 a - 3 poisoned darts
 o - 5 stones
Armour
 b - a +0 leather armour
 h - a +0 ring mail (worn)
 l - a +0 buckler (worn)
 m - a +0 pair of gloves (worn)
Wands
 c - a wand of flame (14) (quivered)
 d - a wand of charming (14)
 e - a wand of iceblast (5)
Scrolls
 f - a scroll of poison {unknown}
 i - a scroll of teleportation
 p - a scroll of amnesia {unknown}
 r - a scroll of summoning {unknown}
 s - a scroll of noise {unknown}
Potions
 g - a potion of mutation
 n - a potion of brilliance {unknown}
 q - a potion of ambrosia
 t - a potion of might {unknown}


   Skills:
 - Level 0.8 Fighting
 * Level 2.1 Maces & Flails
 - Level 1.7 Armour
 - Level 0.8 Dodging
 - Level 0.8 Stealth
 + Level 1.6 Shields
 - Level 2.6 Evocations


You had 2 spell levels left.
You didn't know any spells.
Your spell library was empty.

Dungeon Overview and Level Annotations

Branches:
Dungeon (2/15)

Annotations:
D:1 Crystal room
D:2 Natasha


Innate Abilities, Weirdness & Mutations

You have an increased reservoir of magic. (+10% MP)
You shall have no god before yourself.
Your divine heritage dramatically boosts your attributes as you level up.


Message History

The gnoll dies!
Your Maces & Flails skill increases to level 2!
Your gnoll hits the bat with a +0 halberd!
The bat dies!
What are your orders? t - Shout!
Orders for allies: a - Attack new target. r - Retreat! s - Stop attacking. g - Guard the area. f - Follow me.
Anything else - Cancel.
Gang up on whom?
Press: ? - help, Dir - move target, f - gnoll
Aim: a gnoll, wielding a +0 halberd Attack!
Your gnoll closely misses the gnoll.
Your gnoll hits the gnoll with a +0 halberd.
The gnoll hits you from afar with a +0 halberd!
Your gnoll hits the gnoll with a +0 halberd.
The gnoll closely misses your gnoll.
Your gnoll closely misses the gnoll.
The gnoll closely misses your gnoll.
The gnoll hits your gnoll with a +0 halberd!
Your gnoll barely misses the gnoll.
Your gnoll hits the gnoll with a +0 halberd.
The gnoll hits your gnoll with a +0 halberd!
Your gnoll dies!
The gnoll hits you from afar with a +0 halberd.
There is a stone staircase leading up here.
The gnoll hits you with a +0 halberd!
* * * LOW HITPOINT WARNING * * *
Things that are here:
a +0 halberd; a gnoll corpse You barely miss the gnoll.
The gnoll is severely wounded.
The gnoll barely misses you.
You barely miss the gnoll.
The gnoll is severely wounded.
The gnoll barely misses you.
You barely miss the gnoll.
The gnoll is severely wounded.
The gnoll hits you with a +0 halberd!
You die...

# .# ##.# ....#
#.#.##
##..#..#####
######.#.#......
#....<....# #$#
#.####@#..##.#
#.# ##g..#.# #.#
##...# #<# #..##
........# #..##
######### #...#
###.#.###
#...#...#
#.#####.....#


You could see a gnoll.

Vanquished Creatures
  An adder (D:2)
  A ball python (D:1)
  5 giant cockroaches (D:1)
  A goblin (D:1)
  A hobgoblin (D:1)
  3 kobolds (D:1)
  2 quokkas (D:1)
  5 bats (D:1)
  A frilled lizard (D:1)
  5 rats (D:1)
25 creatures vanquished.

Vanquished Creatures (collateral kills)
  A gnoll (D:2)
  A bat (D:2)
2 creatures vanquished.

Vanquished Creatures (others)
  A gnoll (D:2)
1 creature vanquished.

Grand Total: 28 creatures vanquished

Notes
Turn   | Place    | Note
-------+----------+-------------------------------------------
     0 | D:1      | Haldmier the Demigod Artificer began the quest for the Orb.
     0 | D:1      | Reached XP level 1. HP: 15/15 MP: 3/3
   160 | D:1      | Reached skill level 1 in Maces & Flails
   335 | D:1      | Reached XP level 2. HP: 22/22 MP: 4/4
   428 | D:1      | Reached skill level 1 in Shields
  1058 | D:2      | Noticed Natasha
  1115 | D:2      | Reached XP level 3. HP: 27/27 MP: 5/5
  1261 | D:2      | Slain by a gnoll

Illustrated notes

Levels and vault maps discovered:
D:1:      dpeg_arrival_orchard, layout_rooms, chequers_ecumenical_altar_simple,
          due_unseen_surprise
D:2:      layout_loops_ring, uniq_natasha

Skill      XL: |  1  2  3 |
---------------+----------+-----
Maces & Flails | 1 2 |  2.1
Shields        | 1 |  1.6
Fighting       | |  0.8
Armour         | |  1.7
Dodging        | |  0.8
Stealth        | |  0.8
Evocations     | |  2.6

Action                   || total
-------------------------++-------
Melee: Whip              ||   148
       Club              ||    13
Evoke: Wand              ||     2
  Use: Scroll            ||     3
Armor: Ring mail         ||    85
Dodge: Dodged            ||   111
Block: Buckler           ||    35
